 Dungeon Crawl Stone Soup version 0.22-a0-406-g9ff8d77 (webtiles) character file.

63368 Gorice the Nimble (level 14, 0/91 HPs)
             Began as a Deep Elf Fire Elementalist on May 7, 2018.
             Was a High Priest of Vehumet.
             Slain by an orc sorcerer
             ... wielding a +0 dagger
             ... led by an orc knight
              (3 damage)
             ... while paralysed by an orc sorcerer
             ... on level 1 of the Orcish Mines on May 8, 2018.
             The game lasted 02:47:11 (27887 turns).

Gorice the Nimble (Deep Elf Fire Elementalist)     Turns: 27887, Time: 02:47:12

Health: 0/91       AC: 12    Str:  9    XL:     14   Next: 67%
Magic:  25/31      EV:  2    Int: 32    God:    Vehumet [*****.]
Gold:   1814       SH:  0    Dex: 17    Spells: 1/35 levels left

rFire    + + .     SeeInvis .   a - staff of fire
rCold    . . .     Gourm    .   G - +0 buckler
rNeg     . . .     Faith    .   N - +2 robe of Inquiry {+Inv rC+ Int+3 Dex+2}
rPois    +         Spirit   .   B - +1 helmet
rElec    .         Reflect  .   t - +1 cloak {rPois}
rCorr    .         Harm     .   X - +2 pair of gloves {Str+3}
MR       +....                  (no boots)
Stlth    ++........             P - amulet of rage
HPRegen  0.25/turn              x - ring of fire
MPRegen  0.22/turn              I - +4 ring of intelligence

@: paralysed
A: no striking features
a: Renounce Religion, Evoke Berserk Rage, Evoke Invisibility


You were on level 1 of the Orcish Mines.
You worshipped Vehumet.
Vehumet was extremely pleased with you.
You were not hungry.

You visited 4 branches of the dungeon, and saw 20 of its levels.
You also visited: Labyrinth and Bailey.

You collected 2023 gold pieces.
You spent 209 gold pieces at shops.

Inventory:

Hand Weapons
 b - a +2 dagger of venom
   (You took it off a kobold on level 1 of the Dungeon)
 n - a +0 demon trident of electrocution
   (You took it off a meliai on level 12 of the Dungeon)
Missiles
 O - 21 javelins (quivered)
 Z - 5 throwing nets
Armour
 t - a +1 cloak of poison resistance (worn)
   (You found it on level 1 of the Lair of Beasts)
 B - a +1 helmet (worn)
 G - a +0 buckler (worn)
 N - the +2 robe of Inquiry (worn) {+Inv rC+ Int+3 Dex+2}
   (You bought it in a shop on level 12 of the Dungeon)

   It affects your intelligence (+3).
   It affects your dexterity (+2).
   It protects you from cold.
   It lets you turn invisible.
 X - a +2 pair of gloves of strength (worn)
   (You found it in a labyrinth)
Magical Staves
 a - an uncursed staff of fire (weapon)
Jewellery
 f - an uncursed ring of protection from fire
 x - a ring of fire (left hand)
 F - an uncursed ring of flight
 I - a +4 ring of intelligence (right hand)
 P - an amulet of rage (around neck)
Wands
 i - a wand of polymorph (16)
 r - a wand of acid (9)
 s - a wand of iceblast (10)
 z - a wand of paralysis (37)
 A - a wand of enslavement (18)
 K - a wand of digging (31)
 L - a wand of disintegration (21)
Scrolls
 e - a scroll of fog
 g - a scroll of magic mapping {!r}
 p - 10 scrolls of teleportation {!r}
 w - a scroll of silence {!r}
 y - 5 scrolls of blinking
 C - a scroll of enchant armour
 D - 2 scrolls of remove curse
 E - a scroll of amnesia
 J - 3 scrolls of fear {!r}
Potions
 d - a potion of cancellation {!q}
 h - 3 potions of heal wounds {!q}
 j - 5 potions of might {!q}
 k - 3 potions of lignification {!q}
 l - a potion of berserk rage
 m - 6 potions of curing
 o - 2 potions of invisibility {!q}
 q - 2 potions of flight
 u - 3 potions of brilliance {!q}
 v - a potion of haste {!q}
 H - 3 potions of resistance {!q}
 M - a potion of agility {!q}
Comestibles
 c - 45 rations


   Skills:
 + Level 11.7 Fighting
 - Level 5.0 Armour
 + Level 11.8 Dodging
 - Level 2.4 Stealth
 - Level 4.0 Shields
 - Level 11.0 Spellcasting
 - Level 11.0 Conjurations
 - Level 8.0 Necromancy
 - Level 3.0 Translocations
 - Level 11.1 Fire Magic
 + Level 6.1 Earth Magic


You had one spell level left.
You knew the following spells:

 Your Spells              Type           Power        Failure   Level  Hunger
a - Flame Tongue          Conj/Fire      #####        1%          1    None
b - Throw Flame           Conj/Fire      ######       1%          2    None
c - Conjure Flame         Conj/Fire      ########     1%          3    None
d - Sticky Flame          Conj/Fire      ########     1%          4    None
e - Fireball              Conj/Fire      ########..   1%          5    ##.....
g - Bolt of Magma         Conj/Fire/Erth ########..   1%          5    ##.....
l - Lee's Rapid Deconstr  Erth           ######....   1%          5    ##.....
s - Animate Skeleton      Necr           N/A          1%          1    None
D - Vampiric Draining     Necr           ######....   1%          3    None
J - Blink                 Tloc           N/A          1%          2    None
R - Regeneration          Chrm/Necr      #####.....   1%          3    None


Dungeon Overview and Level Annotations

Branches:
Dungeon (12/15)            Temple (1/1) D:4            Lair (6/6) D:8
  Swamp (0/4) Lair:2       Spider (0/4) Lair:2        Slime (0/5) Lair:6
    Orc (1/2) D:12

Altars:
Ashenzari
Cheibriados
Dithmenos
Elyvilon
Fedhas
Gozag
Hepliaklqana
Kikubaaqudgha
Makhleb
Nemelex Xobeh
Okawaru
Qazlal
Ru
Sif Muna
Trog
Uskayaw
Vehumet
Wu Jian
Xom
Yredelemnul
Zin
The Shining One

Shops:
D:4 %   D:7 ?   D:12 [


Message History

Confirm with . or Enter, or press ? or * to list all spells.
Aiming: Sticky Flame (safe; 1% risk of failure)
Press: ? - help, Shift-Dir - straight line, f - orc warrior
Aim: an orc warrior, wielding a dire flail and wearing a plate armour You feel a strong surge of power!
The sticky flame hits the orc warrior.
The orc warrior is moderately wounded.
The orc warrior is covered in liquid flames!
The orc warrior shouts!
The orc warrior burns!
The orc warrior closely misses you.
A warg comes into view.
Unknown command.
Unknown command.
Unknown command.
Casting: Sticky Flame (safe; 1% risk of failure)
Confirm with . or Enter, or press ? or * to list all spells.
Aiming: Sticky Flame (safe; 1% risk of failure)
Press: ? - help, Shift-Dir - straight line, f - orc priest, p - orc warrior
Aim: an orc priest, wielding a hand axe You feel a strong surge of power!
The sticky flame hits the orc priest.
You kill the orc priest!
Vehumet accepts your kill.
You feel your power returning.
The orc warrior burns!
The orc sorcerer gestures at you while chanting.
You suddenly lose the ability to move!
The orc hits you but does no damage. The orc barely misses you.
The orc warrior burns!
The orc hits you but does no damage.
The orc knight hits you with a battleaxe.
The orc warrior burns!
The orc hits you but does no damage.
The orc warrior hits you with a dire flail.
The orc sorcerer hits you but does no damage.
The orc warrior hits you but does no damage.
The orc hits you but does no damage. x3
The orc warrior burns!
The orc hits you but does no damage.
The orc knight hits you with a battleaxe.
The orc warrior hits you with a dire flail!!
The orc warrior hits you from afar with a glaive!
The orc sorcerer hits you but does no damage.
The orc hits you with an enchanted dagger.
* * * LOW HITPOINT WARNING * * *
The orc warrior hits you from afar with a trident!
* * * LOW HITPOINT WARNING * * *
The orc warrior burns!
The orc hits you but does no damage. x2
The orc barely misses you.
The orc sorcerer casts a spell.
The orc warrior hits you with a dire flail!
* * * LOW HITPOINT WARNING * * *
The orc knight hits you with a battleaxe!
* * * LOW HITPOINT WARNING * * *
The orc sorcerer hits you with a dagger.
You die...

#.....#....
##.........#$ #
............
.#.#..#.$.#....
..............#
#.....oho..#.#
..#....ooo.....
......o@ooo....
.......ooO.....
#.......o4.....
..........o...#
#..#.#........#
## ...#........
#. ....#.#...
##.....####.#


You could see an orc knight, an ice devil, a warg, 2 orc sorcerers, 4 orc
warriors, an ogre and 6 orcs.

Vanquished Creatures
  Kirke (D:12)
  An orc warlord (Bailey)
  A dire elephant (Lair:6)
  A minotaur (Lab)
  An ettin (D:12)
  Fannar (D:11)
  Erolcha (D:12)
  3 hydras
  2 catoblepae (Lair:6)
  2 two-headed ogres
  A centaur warrior (D:12)
  A queen ant (Lair:3)
  8 death yaks
  A tengu warrior (D:12)
  2 unseen horrors (D:12)
  A skeletal warrior (D:12)
  A wolf spider zombie (D:12)
  A lindwurm (Lair:6)
  A cyclops (D:11)
  2 manticores (Lair:6)
  A deep elf mage (D:12)
  An ugly thing (D:12)
  7 elephants (Lair:6)
  6 black mambas
  A gargoyle (D:12)
  12 spiny frogs
  Psyche (D:9)
  6 komodo dragons
  A queen bee (D:12)
  A troll (D:11)
  A polar bear (Lair:4)
  6 meliai (D:12)
  11 blink frogs
  Prince Ribbit (D:6)
  14 dream sheep
  8 hippogriffs
  8 spriggans (Lair:1)
  2 wraiths (D:10)
  4 redbacks
  A wyvern (D:12)
  25 yaks
  5 basilisks
  3 hungry ghosts (D:12)
  3 steam dragons
  An acid dragon (D:12)
  3 wargs (D:8)
  8 soldier ants
  Edmund (D:4)
  14 water moccasins
  Duvessa (D:7)
  6 swamp worms (Lair:2)
  9 orc warriors
  7 porcupines
  2 sky beasts
  3 ice beasts
  A phantom (D:7)
  A hornet zombie (D:8)
  2 black bears
  7 ogres
  14 wolves
  A necrophage (D:10)
  10 centaurs
  8 crocodiles
  Blork the orc (D:5)
  A gnoll sergeant (D:7)
  14 bullfrogs
  Dowan (D:7)
  6 scorpions
  41 killer bees
  4 wights (D:11)
  7 howler monkeys
  An electric eel (Lair:2)
  4 crimson imps
  2 bullfrog zombies
  2 centaur zombies
  7 hounds
  8 jellies
  9 orc priests
  3 centaur skeletons
  6 orc wizards
  2 bullfrog skeletons (D:12)
  3 iguanas
  36 worker ants
  2 hound zombies
  2 hound skeletons
  Robin (D:4)
  3 worker ant zombies
  14 adders
  14 gnolls
  5 shadow imps
  3 oozes
  2 adder zombies (D:9)
  4 worms
  A dart slug (D:3)
  5 leopard geckos
  60 orcs
  6 ball pythons
  6 bats
  9 giant cockroaches
  17 goblins
  16 hobgoblins
  12 jackals
  25 kobolds
  3 quokkas
  6 frilled lizards
  2 jackal skeletons
  6 rats
643 creatures vanquished.

Vanquished Creatures (others)
  4 humans (D:12)
  2 killer bees (D:12)
  2 crimson imps (D:12)
  A hound (D:12)
  An orc (D:12)
  12 fungi
  18 plants
40 creatures vanquished.

Grand Total: 683 creatures vanquished

Notes
Turn   | Place    | Note
-------+----------+-------------------------------------------
     0 | D:1      | Gorice the Deep Elf Fire Elementalist began the quest for the Orb.
     0 | D:1      | Reached XP level 1. HP: 10/10 MP: 6/6
   187 | D:1      | Reached skill level 2 in Conjurations
   211 | D:1      | Reached XP level 2. HP: 13/15 MP: 0/8
   542 | D:1      | Reached XP level 3. HP: 18/19 MP: 1/10
   837 | D:1      | Reached skill level 3 in Conjurations
   992 | D:1      | Learned a level 2 spell: Throw Flame
   996 | D:1      | Learned a level 3 spell: Conjure Flame
  1153 | D:2      | Reached skill level 4 in Spellcasting
  1164 | D:2      | Noticed an ogre
  1258 | D:2      | Reached XP level 4. HP: 15/24 MP: 10/12
  1266 | D:2      | Killed an ogre
  1266 | D:2      | Reached skill level 4 in Conjurations
  1266 | D:2      | Reached XP level 5. HP: 19/28 MP: 2/13
  1294 | D:2      | Reached skill level 4 in Fire Magic
  2295 | D:3      | Reached skill level 5 in Spellcasting
  2296 | D:3      | Reached XP level 6. HP: 27/32 MP: 11/15
  3180 | D:3      | Reached skill level 5 in Fire Magic
  3324 | D:4      | Learned a level 4 spell: Sticky Flame
  3417 | D:4      | Reached skill level 5 in Conjurations
  3541 | D:4      | Found a staircase to the Ecumenical Temple.
  3562 | Temple   | Entered the Ecumenical Temple
  3656 | Temple   | Became a worshipper of Vehumet
  3680 | D:4      | Reached XP level 7. HP: 35/36 MP: 17/17
  3719 | D:4      | Noticed Robin
  3726 | D:4      | Killed Robin
  3840 | D:4      | Found Syin's Food Boutique.
  3842 | D:4      | Noticed Edmund
  3864 | D:4      | Killed Edmund
  3864 | D:4      | Reached skill level 6 in Fire Magic
  4118 | D:4      | Reached skill level 6 in Spellcasting
  4138 | D:4      | Reached skill level 6 in Conjurations
  4383 | D:5      | Entered Level 5 of the Dungeon
  4492 | D:5      | Noticed a steam dragon
  4506 | D:5      | Killed a steam dragon
  4506 | D:5      | Reached * piety under Vehumet
  4506 | D:5      | Offered knowledge of Sting by Vehumet.
  4506 | D:5      | Reached XP level 8. HP: 23/41 MP: 10/19
  4609 | D:4      | Learned a level 5 spell: Fireball
  5036 | D:5      | Reached skill level 7 in Fire Magic
  5229 | D:5      | Reached skill level 7 in Conjurations
  5286 | D:5      | Noticed Blork the orc
  5320 | D:5      | HP: 11/41 [something (5)]
  5322 | D:5      | Killed Blork the orc
  5678 | D:5      | Reached skill level 7 in Spellcasting
  5813 | D:5      | Learned a level 2 spell: Blink
  6085 | D:5      | Reached skill level 1 in Translocations
  6485 | D:6      | Reached skill level 8 in Fire Magic
  6618 | D:5      | Reached skill level 8 in Conjurations
  6873 | D:6      | Found a white marble altar of Elyvilon.
  6967 | D:6      | Reached skill level 2 in Translocations
  7039 | D:6      | Reached XP level 9. HP: 45/45 MP: 11/22
  7192 | D:6      | Noticed Prince Ribbit
  7205 | D:6      | Killed Prince Ribbit
  7762 | D:7      | Reached skill level 8 in Spellcasting
  7795 | D:7      | Reached ** piety under Vehumet
  7795 | D:7      | Offered knowledge of Searing Ray by Vehumet.
  7800 | D:7      | Learned a level 2 spell: Searing Ray
  7813 | D:7      | Found Jopeosk's Magic Scroll Boutique.
  7829 | D:7      | Reached skill level 3 in Translocations
  7964 | D:7      | Reached skill level 9 in Fire Magic
  7985 | D:7      | Bought a scroll of identify for 26 gold pieces
  7985 | D:7      | Bought a scroll of identify for 26 gold pieces
  7985 | D:7      | Bought a scroll of identify for 26 gold pieces
  8080 | D:7      | Reached skill level 9 in Conjurations
  8676 | D:7      | Noticed Duvessa
  8678 | D:7      | Noticed Dowan
  8682 | D:7      | Killed Duvessa
  8682 | D:7      | Killed Dowan
  8828 | D:7      | Found a deep blue altar of Sif Muna.
  8831 | D:7      | Found an ancient bone altar of Kikubaaqudgha.
  8834 | D:7      | Found a hide-covered altar of Uskayaw.
  8968 | D:8      | Reached skill level 9 in Spellcasting
  8972 | D:8      | Reached skill level 10 in Fire Magic
  8972 | D:8      | Reached XP level 10. HP: 46/50 MP: 12/25
  9006 | D:8      | Found a staircase to the Lair.
  9028 | D:8      | Learned a level 3 spell: Regeneration
  9036 | D:8      | Learned a level 1 spell: Animate Skeleton
  9243 | D:8      | Reached skill level 10 in Conjurations
  9254 | D:8      | Offered knowledge of Static Discharge by Vehumet.
  9479 | D:8      | Reached skill level 1 in Necromancy
  9655 | D:8      | Noticed a two-headed ogre
  9664 | D:8      | Killed a two-headed ogre
  9670 | D:8      | Reached skill level 2 in Necromancy
 10014 | Lair:1   | Entered Level 1 of the Lair of Beasts
 10519 | Lair:1   | HP: 12/50 [spriggan/dagger (8)]
 10527 | Lair:1   | HP: 9/50 [komodo dragon (23)]
 10539 | Lair:1   | Reached skill level 3 in Necromancy
 11022 | Lair:1   | Reached skill level 11 in Fire Magic
 11098 | Lair:1   | Reached skill level 11 in Conjurations
 11230 | Lair:1   | Reached skill level 10 in Spellcasting
 11235 | Lair:1   | Reached skill level 4 in Necromancy
 11436 | Lair:1   | Reached skill level 5 in Necromancy
 11859 | Lair:1   | Reached XP level 11. HP: 38/54 MP: 17/27
 11982 | Lair:1   | Reached *** piety under Vehumet
 12240 | Lair:2   | Reached skill level 11 in Spellcasting
 12384 | Lair:2   | Found a hole to the Spider Nest.
 12388 | Lair:2   | Reached skill level 1 in Fighting
 12388 | Lair:2   | Reached skill level 6 in Necromancy
 12708 | Lair:2   | Reached skill level 2 in Fighting
 13075 | Lair:2   | Reached skill level 3 in Fighting
 13084 | Lair:2   | Noticed a six-headed hydra
 13099 | Lair:2   | HP: 17/60 [six-headed hydra (6)]
 13100 | Lair:2   | Killed a six-headed hydra
 13100 | Lair:2   | Offered knowledge of Force Lance by Vehumet.
 13100 | Lair:2   | Reached skill level 7 in Necromancy
 13445 | Lair:2   | Reached skill level 4 in Fighting
 13472 | Lair:2   | Found a staircase to the Swamp.
 14036 | Lair:3   | Reached skill level 5 in Fighting
 14054 | Lair:3   | Reached skill level 8 in Necromancy
 14156 | Lair:3   | Reached skill level 3 in Dodging
 14209 | Lair:3   | Reached skill level 1 in Shields
 14229 | Lair:3   | Reached **** piety under Vehumet
 14295 | Lair:3   | HP: 18/64 [black mamba (12)]
 14690 | Lair:3   | Reached skill level 6 in Fighting
 14699 | Lair:3   | Offered knowledge of Lee's Rapid Deconstruction by Vehumet.
 14703 | Lair:3   | Reached skill level 4 in Dodging
 14703 | Lair:3   | Reached XP level 12. HP: 44/70 MP: 21/29
 14704 | Lair:3   | Reached skill level 2 in Shields
 14706 | Lair:3   | HP: 17/70 [wolf (8)]
 14761 | Lair:3   | Learned a level 3 spell: Vampiric Draining
 14767 | Lair:3   | Learned a level 5 spell: Lee's Rapid Deconstruction
 15330 | Lair:3   | Noticed a queen ant
 15347 | Lair:3   | Killed a queen ant
 15347 | Lair:3   | Reached ***** piety under Vehumet
 15487 | Lair:3   | Offered knowledge of Venom Bolt by Vehumet.
 15752 | Lair:4   | Reached skill level 5 in Dodging
 15758 | Lair:4   | Reached skill level 7 in Fighting
 15795 | Lair:4   | Reached skill level 3 in Shields
 16074 | Lair:4   | Reached skill level 6 in Dodging
 16406 | Lair:4   | Reached skill level 8 in Fighting
 16406 | Lair:4   | Reached skill level 4 in Shields
 16724 | Lair:5   | Noticed a death yak
 16724 | Lair:5   | Noticed a death yak
 16726 | Lair:5   | Noticed a death yak
 16726 | Lair:5   | Noticed a death yak
 16747 | Lair:5   | Killed a death yak
 16747 | Lair:5   | Reached skill level 1 in Armour
 16750 | Lair:5   | Noticed a death yak
 16768 | Lair:5   | Killed a death yak
 16768 | Lair:5   | Reached skill level 7 in Dodging
 16774 | Lair:5   | Killed a death yak
 16777 | Lair:5   | Killed a death yak
 16781 | Lair:5   | Killed a death yak
 16781 | Lair:5   | Reached skill level 2 in Armour
 17000 | Lair:5   | Reached XP level 13. HP: 57/80 MP: 23/30
 17237 | Lair:6   | Entered Level 6 of the Lair of Beasts
 17309 | Lair:6   | Found a labyrinth entrance.
 17314 | Lair:6   | Reached skill level 9 in Fighting
 17330 | Lab      | Entered a labyrinth
 17457 | Lab      | Noticed a minotaur
 17464 | Lab      | Killed a minotaur
 17475 | Lab      | Identified Kikubaaqudgha's Papyrus of Evil
 17480 | Lab      | Got a bound bone ring
 17515 | Lab      | Identified the ring "Odalao" {*Drain +Fly Int+2 Dex+10 Stlth-} (You found it in a labyrinth)
 18025 | Lair:5   | HP: 24/80 [poisoned by a black mamba]
 18030 | Lair:5   | HP: 22/80 [poisoned by a black mamba]
 18036 | Lair:5   | HP: 19/80 [poisoned by a black mamba]
 18041 | Lair:5   | HP: 18/80 [poisoned by a black mamba]
 18048 | Lair:5   | HP: 18/80 [poisoned by a black mamba]
 18056 | Lair:5   | HP: 18/80 [poisoned by a black mamba]
 18409 | Lair:6   | Reached skill level 8 in Dodging
 18428 | Lair:6   | Reached skill level 3 in Armour
 18534 | Lair:6   | Found a staircase to the Slime Pits.
 19609 | Lair:6   | Reached skill level 10 in Fighting
 19626 | Lair:6   | Reached skill level 4 in Armour
 19626 | Lair:6   | Reached skill level 9 in Dodging
 19755 | Lair:6   | Noticed a dire elephant
 20041 | Lair:6   | Killed a dire elephant
 20938 | Lair:6   | HP: 20/83 [death yak (15)]
 21083 | Lair:6   | Identified the Catalogue of Glacial Poison
 21407 | D:9      | Noticed Psyche
 21536 | D:9      | Found a blossoming altar of Fedhas.
 21538 | D:9      | Killed Psyche
 21538 | D:9      | Reached skill level 5 in Armour
 21785 | D:9      | Found an iron altar of Okawaru.
 22473 | D:10     | Entered Level 10 of the Dungeon
 22554 | D:10     | Found a flagged portal.
 22616 | D:10     | Reached skill level 10 in Dodging
 22669 | Bailey   | Entered a bailey
 22676 | Bailey   | Noticed an orc warlord
 22767 | Bailey   | Offered knowledge of Bolt of Magma by Vehumet.
 22849 | Bailey   | Found a runed gate.
 22850 | Bailey   | Found a runed gate.
 22852 | Bailey   | Found a runed gate.
 23048 | Bailey   | Killed an orc warlord
 23048 | Bailey   | Reached skill level 1 in Earth Magic
 23048 | Bailey   | Reached XP level 14. HP: 53/88 MP: 22/31
 23132 | Bailey   | Identified 2 scrolls of acquirement
 23133 | Bailey   | Got a bloodstained cloak
 23144 | Bailey   | Identified the +1 cloak of Vokeber {+Inv rC+ rN+ Str+3 Int-4} (You acquired it in a bailey)
 23404 | D:10     | Reached skill level 11 in Fighting
 23408 | D:10     | Reached skill level 2 in Earth Magic
 23769 | D:10     | Upgraded the game from 0.22-a0-402-ga933591 to 0.22-a0-406-g9ff8d77
 24317 | D:11     | Noticed Fannar
 24320 | D:11     | Killed Fannar
 25173 | D:11     | Reached skill level 3 in Earth Magic
 25432 | D:12     | Learned a level 5 spell: Bolt of Magma
 25890 | D:12     | Noticed Erolcha
 25893 | D:12     | Killed Erolcha
 25893 | D:12     | Reached skill level 4 in Earth Magic
 26026 | D:12     | Reached skill level 11 in Dodging
 26099 | D:12     | Noticed Kirke
 26172 | D:12     | Killed Kirke
 26420 | D:12     | Offered knowledge of Bolt of Cold by Vehumet.
 26593 | D:12     | Reached skill level 5 in Earth Magic
 26819 | D:12     | Found a staircase to the Orcish Mines.
 26853 | D:12     | Found Ovif's Antique Armour Boutique.
 26858 | D:12     | Bought a sheer robe for 131 gold pieces
 26871 | D:12     | Identified the +2 robe of Inquiry {+Inv rC+ Int+3 Dex+2} (You bought it in a shop on level 12 of the Dungeon)
 27608 | D:12     | Reached skill level 6 in Earth Magic
 27881 | Orc:1    | Entered Level 1 of the Orcish Mines
 27883 | Orc:1    | Paralysed by an orc sorcerer for 6 turns
 27887 | Orc:1    | HP: 12/91 [orc warrior/dire flail (17)]
 27887 | Orc:1    | HP: 3/91 [orc knight/battleaxe (9)]
 27887 | Orc:1    | Slain by an orc sorcerer

Vault maps used:
D:1:      kennysheep_arrival_seaside
D:2:      first_ration
D:3:      hangedman_decor_lopped, minmay_shallow_snake_nest
D:4:      minmay_temple_entry_statues_fountains, serial_shops,
          nicolae_shop_waterfront, uniq_robin, uniq_edmund
D:5:      kennysheep_steamy, uniq_blork_the_orc
D:6:      elyvilon_altar_5, uniq_prince_ribbit1
D:7:      grunt_temple_overflow_diamond, serial_shops, shop_fountains,
          grunt_ogre_cave, uniq_duvessa
D:8:      erik_lair_orcish_takeover, minmay_small_thing
D:9:      fedhas_altar_1, basic_altar, uniq_psyche
D:10:     enter_bailey_8, centaur_isle
D:11:     uniq_fannar
D:12:     regret_index_wax_grids, hiddenorc1_lemuel, serial_shops,
          nicolae_shop_statue_plus, uniq_erolcha, uniq_kirke
Temple:   compressed_dpeg_circular_temple
Lair:1:   kb_forest_paths
Lair:2:   nicolae_swamp_entry_splash_gauntlet, spider_nest_entry_webs,
          lemuel_old_faithful
Lair:3:   zaba_antful_of_joy, grunt_megastairs_5, lemuel_fruit_fields
Lair:4:   minivault_27, beast_lair_carwin_5
Lair:5:   grunt_megastairs_3
Lair:6:   hangedman_lair_in_review, nicolae_slime_entry_slimehenge,
          lab_entry_generic
Lab:      nicolae_lab_dead_adventurers, nicolae_lab_stuck, nicolae_lab_swirl,
          nicolae_lab_arrow, labyrinth_glass_1
Bailey:   bailey_axe_bossmonster_kennysheep, bailey

Skill      XL: |  1  2  3  4  5  6  7  8  9 10 11 12 13 14 |
---------------+-------------------------------------------+-----
Conjurations   | 2 3 4 5 6 8 9 11 | 11.0
Spellcasting   | 4 5 6 7 9 10 11 | 11.0
Fire Magic     | 4 5 6 8 10 11 | 11.1
Translocations | 2 3 |  3.0
Necromancy     | 5 8 |  8.0
Fighting       | 6 8 10 11 | 11.7
Dodging        | 4 7 10 11 | 11.8
Shields        | 1 4 |  4.0
Armour         | 2 5 |  5.0
Earth Magic    | 1 6 |  6.1
Stealth        | |  2.4

Action                   |  1- 3 |  4- 6 |  7- 9 | 10-12 | 13-15 || total
-------------------------+-------+-------+-------+-------+-------++-------
Melee: Dagger            |    21 |    92 |   136 |   198 |   197 ||   644
       Unarmed           |     1 |       |       |       |     9 ||    10
       Flail             |       |       |    42 |       |       ||    42
       Staff             |       |       |       |       |    33 ||    33
Throw: Tomahawk          |       |       |       |     1 |       ||     1
 Cast: Flame Tongue      |    55 |    74 |    99 |    40 |    61 ||   329
       Throw Flame       |    10 |     8 |   102 |   143 |   138 ||   401
       Conjure Flame     |       |     4 |    29 |    60 |    89 ||   182
       Sticky Flame      |       |       |    13 |    77 |    92 ||   182
       Fireball          |       |       |     1 |    18 |    47 ||    66
       Searing Ray       |       |       |     1 |     1 |     3 ||     5
       Regeneration      |       |       |       |     9 |     2 ||    11
       Animate Skeleton  |       |       |       |     1 |       ||     1
       Vampiric Draining |       |       |       |     3 |     6 ||     9
       Bolt of Magma     |       |       |       |       |    45 ||    45
       Lee's Rapid Decon |       |       |       |       |     2 ||     2
 Abil: Evoke Flight      |       |       |       |       |     4 ||     4
Evoke: Wand              |       |       |     1 |       |     2 ||     3
  Use: Scroll            |     2 |     6 |    10 |     6 |    10 ||    34
       Potion            |       |       |     1 |     2 |       ||     3
 Stab: Sleeping          |     2 |     3 |     3 |     2 |     1 ||    11
  Eat: Chunk             |     1 |     8 |    17 |    26 |    35 ||    87
       Ration            |       |       |       |       |     2 ||     2
Armor: Robe              |    10 |     7 |     9 |       |    31 ||    57
       Steam dragon scal |       |       |    65 |    70 |    75 ||   210
       Skin              |       |       |     1 |       |       ||     1
Dodge: Dodged            |    26 |    74 |   169 |   159 |   330 ||   758
Block: Buckler           |       |       |       |     5 |    70 ||    75

Table legend:
 A = Spawn XP
 B = Non-spawn XP
 C = Spawn XP percentage of total XP
 D = Spawn monster count
 E = Non-spawn monster count
 F = Spawn count percentage of total count
 G = Total turns spent on level
                    A         B        C        D         E        F      G
               +---------+---------+-------+---------+---------+-------+---------
         Total |       0 |   90527 |   0.0 |       0 |     643 |   0.0 | 27887
               +---------+---------+-------+---------+---------+-------+---------
           D:1 |       0 |      54 |   0.0 |       0 |      29 |   0.0 |  1011
           D:2 |       0 |     254 |   0.0 |       0 |      33 |   0.0 |  1190
           D:3 |       0 |     206 |   0.0 |       0 |      37 |   0.0 |  1117
           D:4 |       0 |     649 |   0.0 |       0 |      29 |   0.0 |  1266
           D:5 |       0 |    1278 |   0.0 |       0 |      21 |   0.0 |  1827
           D:6 |       0 |     778 |   0.0 |       0 |      21 |   0.0 |  1173
           D:7 |       0 |    1551 |   0.0 |       0 |      30 |   0.0 |  1209
           D:8 |       0 |    2345 |   0.0 |       0 |      22 |   0.0 |  1209
           D:9 |       0 |    1718 |   0.0 |       0 |      30 |   0.0 |  1120
          D:10 |       0 |    1941 |   0.0 |       0 |      23 |   0.0 |   868
          D:11 |       0 |    3940 |   0.0 |       0 |      20 |   0.0 |  1231
          D:12 |       0 |   19591 |   0.0 |       0 |     108 |   0.0 |  2703
        Lair:1 |       0 |    4530 |   0.0 |       0 |      24 |   0.0 |  2312
        Lair:2 |       0 |    5423 |   0.0 |       0 |      24 |   0.0 |  1743
        Lair:3 |       0 |    7872 |   0.0 |       0 |      58 |   0.0 |  1915
        Lair:4 |       0 |    6968 |   0.0 |       0 |      27 |   0.0 |   973
        Lair:5 |       0 |    7136 |   0.0 |       0 |      16 |   0.0 |  1072
        Lair:6 |       0 |   20750 |   0.0 |       0 |      61 |   0.0 |  3021
         Orc:1 |       0 |      43 |   0.0 |       0 |       1 |   0.0 |     6
           Lab |       0 |    1511 |   0.0 |       0 |       2 |   0.0 |   330
        Bailey |       0 |    1989 |   0.0 |       0 |      27 |   0.0 |   487
               +---------+---------+-------+---------+---------+-------+---------

Table legend:
 A = Turns spent in this place as a percentage of turns spent in the entire game.
 B = Non-inter-level travel turns spent in this place as a percentage of non-inter-level travel turns spent in the entire game.
 C = Inter-level travel turns spent in this place as a percentage of turns spent in this place.
 D = Turns resting spent in this place as a percentage of non-inter-level travel turns spent in this place.
 E = Turns spent auto-exploring this place as a percentage of non-inter-level travel turns spent in this place.
 F = Non-inter-level travel turns spent in this place divided by the number of levels of this place that you've seen.
                   A       B       C       D       E      F
               +-------+-------+-------+-------+-------+----------------------
         Total | 100.0 | 100.0 |   4.9 |  36.5 |  33.3 | 1206.1
       Dungeon |  57.1 |  57.6 |   4.0 |  32.7 |  38.1 | 1273.4
        Temple |   0.4 |   0.4 |   0.0 |   0.0 |  75.0 | 104.0
          Lair |  39.6 |  38.9 |   6.4 |  43.4 |  28.1 | 1721.0
  Orcish Mines |   0.0 |   0.0 |   0.0 |   0.0 |   0.0 |   6.0
     Labyrinth |   1.2 |   1.2 |   0.0 |  62.7 |   0.0 | 330.0
        Bailey |   1.7 |   1.8 |   0.0 |   2.9 |   7.8 | 487.0
               +-------+-------+-------+-------+-------+----------------------

Vault maps used:
D:1:      kennysheep_arrival_seaside
D:2:      first_ration
D:3:      hangedman_decor_lopped, minmay_shallow_snake_nest
D:4:      minmay_temple_entry_statues_fountains, serial_shops,
          nicolae_shop_waterfront, uniq_robin, uniq_edmund
D:5:      kennysheep_steamy, uniq_blork_the_orc
D:6:      elyvilon_altar_5, uniq_prince_ribbit1
D:7:      grunt_temple_overflow_diamond, serial_shops, shop_fountains,
          grunt_ogre_cave, uniq_duvessa
D:8:      erik_lair_orcish_takeover, minmay_small_thing
D:9:      fedhas_altar_1, basic_altar, uniq_psyche
D:10:     enter_bailey_8, centaur_isle
D:11:     uniq_fannar
D:12:     regret_index_wax_grids, hiddenorc1_lemuel, serial_shops,
          nicolae_shop_statue_plus, uniq_erolcha, uniq_kirke
Temple:   compressed_dpeg_circular_temple
Lair:1:   kb_forest_paths
Lair:2:   nicolae_swamp_entry_splash_gauntlet, spider_nest_entry_webs,
          lemuel_old_faithful
Lair:3:   zaba_antful_of_joy, grunt_megastairs_5, lemuel_fruit_fields
Lair:4:   minivault_27, beast_lair_carwin_5
Lair:5:   grunt_megastairs_3
Lair:6:   hangedman_lair_in_review, nicolae_slime_entry_slimehenge,
          lab_entry_generic
Lab:      nicolae_lab_dead_adventurers, nicolae_lab_stuck, nicolae_lab_swirl,
          nicolae_lab_arrow, labyrinth_glass_1
Bailey:   bailey_axe_bossmonster_kennysheep, bailey
